 Dungeon Crawl Stone Soup version 0.27-a0-1200-g94dc6ad4cf (webtiles) character file.

Game seed: 8537245323463043856

1743 polve the Cleaver (level 8, 0/91 HPs)
             Began as a Demonspawn Berserker on May 30, 2021.
             Was an Elder of Trog.
             Slain by an eight-headed hydra (3 damage)
             ... on level 7 of the Dungeon.
             The game lasted 00:04:25 (3963 turns).

polve the Cleaver (Demonspawn Berserker)            Turns: 3963, Time: 00:04:26

Health: 0/91       AC:  9    Str: 19    XL:     8   Next: 77%
Magic:  8/8        EV:  8    Int:  9    God:    Trog [****..]
Gold:   296        SH:  4    Dex: 15    Spells: 7/7 levels left

rFire    . . .     SeeInvis .   n - +2 battleaxe (freeze)
rCold    . . .     Faith    .   (shield currently unavailable)
rNeg     . . .     Spirit   .   o - +0 chain mail
rPois    .         Reflect  .   (helmet restricted)
rElec    .         Harm     .   (no cloak)
rCorr    .         Rampage  .   (no gloves)
Will     .....                  (no boots)
Stlth    ..........             e - amulet of regeneration
HPRegen  1.25/turn              (no ring)
MPRegen  0.11/turn              (no ring)

@: berserking, very quick
A: horns 2, thin skeletal structure 1, spiny 1, condensation shield, evolution 1
a: Renounce Religion, Berserk, Trog's Hand, Brothers in Arms


You were on level 7 of the Dungeon.
You worshipped Trog.
Trog was greatly pleased with you.
You visited 1 branch of the dungeon, and saw 7 of its levels.

You collected 296 gold pieces.

Inventory:

Hand Weapons
 n - a +2 battleaxe of freezing (weapon)
Armour
 o - a +0 chain mail (worn)
Jewellery
 e - an amulet of regeneration (around neck)
Wands
 a - a wand of paralysis (7)
Scrolls
 c - 5 scrolls of identify
 f - 2 scrolls of magic mapping
 g - a scroll of fear
 j - a scroll of silence
 l - a scroll of teleportation
Potions
 i - a potion of lignification
 k - a potion of flight
 m - a potion of heal wounds


   Skills:
 + Level 4.6 Fighting
 * Level 9.1 Axes
 + Level 3.6 Armour
 + Level 3.6 Dodging


You had 7 spell levels left.
You didn't know any spells.
Your spell library was empty.

Dungeon Overview and Level Annotations

Branches:
Dungeon (7/15)             Temple (0/1) D:6

Altars:
Okawaru


Innate Abilities, Weirdness & Mutations

You have a pair of horns on your head.
You have a somewhat thin skeletal structure. (Dex +2, Stealth+)
You are partially covered in sharp spines.
A meltable shield of frost defends you. (SH +4)
You evolve.


Message History

You block the five-headed hydra's attack.
The five-headed hydra bites you! x3
You hack one of the five-headed hydra's heads off!
The four-headed hydra grows two more!
You hit the six-headed hydra.
The six-headed hydra seems to slow down.
You freeze the six-headed hydra. You headbutt the six-headed hydra!
The six-headed hydra is moderately wounded.
The six-headed hydra is struck by your spines.
The six-headed hydra closely misses you.
The six-headed hydra barely misses you. The six-headed hydra bites you.
* * * LOW HITPOINT WARNING * * *
The six-headed hydra bites you.
* * * LOW HITPOINT WARNING * * *
The six-headed hydra bites you!
* * * LOW HITPOINT WARNING * * *
You block the six-headed hydra's attack.
You barely miss the six-headed hydra. You headbutt the six-headed hydra!
The six-headed hydra is heavily wounded.
You slice one of the six-headed hydra's heads off!
The five-headed hydra grows two more!
You slash the seven-headed hydra! You freeze the seven-headed hydra.
The seven-headed hydra is severely wounded.
The seven-headed hydra bites you but does no damage.
The seven-headed hydra completely misses you.
The seven-headed hydra barely misses you. x4
The seven-headed hydra bites you!
* * * LOW HITPOINT WARNING * * *
You barely miss the seven-headed hydra. You headbutt the seven-headed hydra!
The seven-headed hydra is severely wounded.
You chop one of the seven-headed hydra's heads off!
The six-headed hydra grows two more!
You slash the eight-headed hydra!
The eight-headed hydra seems to slow down.
You freeze the eight-headed hydra. You headbutt the eight-headed hydra!
The eight-headed hydra is almost dead.
The eight-headed hydra is struck by your spines.
The eight-headed hydra bites you but does no damage.
The eight-headed hydra bites you.
* * * LOW HITPOINT WARNING * * *
The eight-headed hydra bites you.
You die...

######..# #........
# ##.......#.#
.........#.#
#.........#
#.......#.#
#....D....#
#.....@...#
#.........# $.
....#. #.........# (
}#$... .......##..#
#####.$ .######
#..## ..©...
###.###########.
..#####..##..©..<...
....................
..######...)).......


You could see an eight-headed hydra (slow).

Vanquished Creatures
  Sigmund (D:2)
  3 water moccasins (D:6)
  A sky beast (D:6)
  An ogre (D:5)
  A black bear (D:6)
  A necrophage (D:3)
  2 bullfrogs (D:6)
  2 scorpions
  A wyvern zombie (D:5)
  A water moccasin skeleton (D:4)
  4 jellies
  A hound (D:5)
  A bullfrog skeleton (D:5)
  3 iguanas
  2 orc wizards (D:3)
  2 hound skeletons
  A howler monkey skeleton (D:5)
  7 adders
  2 shadow imps (D:5)
  An adder skeleton (D:4)
  2 worms (D:4)
  5 dart slugs
  20 orcs
  9 ball pythons
  5 bats
  8 endoplasms
  A giant cockroach (D:3)
  7 goblins
  10 hobgoblins
  4 jackals
  3 quokkas
  6 frilled lizards
  6 kobolds
  7 rats
131 creatures vanquished.

Notes
Turn   | Place    | Note
-------+----------+-------------------------------------------
     0 | D:1      | polve the Demonspawn Berserker began the quest for the Orb.
     0 | D:1      | Reached XP level 1. HP: 18/18 MP: 1/1
   196 | D:1      | Reached skill level 3 in Axes
   363 | D:1      | Gained mutation: You have a pair of small horns on your
                  | head. [demonic ancestry]
   363 | D:1      | Reached XP level 2. HP: 24/24 MP: 2/2
  1184 | D:2      | Reached XP level 3. HP: 29/29 MP: 3/3
  1243 | D:2      | Reached skill level 4 in Axes
  1367 | D:2      | Reached ** piety under Trog
  1411 | D:2      | Gained mutation: You have a somewhat thin skeletal
                  | structure. (Dex +2, Stealth+) [demonic ancestry]
  1411 | D:2      | Reached XP level 4. HP: 35/35 MP: 4/4
  1666 | D:2      | Noticed Sigmund
  1678 | D:2      | Killed Sigmund
  1679 | D:2      | Reached skill level 6 in Axes
  1679 | D:2      | Gained mutation: A meltable shield of frost defends you.
                  | (SH +4) [demonic ancestry]
  1679 | D:2      | Reached XP level 5. HP: 41/41 MP: 5/5
  1686 | D:2      | Gained mutation: You are robust. (+10% HP) [potion of
                  | mutation]
  1894 | D:3      | Found a faded altar of an unknown god.
  1950 | D:3      | Gained mutation: You are partially covered in sharp spines.
                  | [demonic ancestry]
  1950 | D:3      | Reached XP level 6. HP: 51/51 MP: 6/6
  1996 | D:3      | Lost mutation: You are robust. (+10% HP) [potion of
                  | mutation]
  1996 | D:3      | Gained mutation: You evolve. [potion of mutation]
  2034 | D:3      | Reached *** piety under Trog
  2342 | D:3      | Reached skill level 7 in Axes
  2581 | D:4      | Reached XP level 7. HP: 45/52 MP: 7/7
  3028 | D:5      | Entered Level 5 of the Dungeon
  3138 | D:5      | Reached skill level 8 in Axes
  3334 | D:5      | Reached **** piety under Trog
  3490 | D:6      | Gained mutation: You have a pair of horns on your head.
                  | [demonic ancestry]
  3490 | D:6      | Reached XP level 8. HP: 60/60 MP: 8/8
  3655 | D:6      | Found an iron altar of Okawaru.
  3673 | D:6      | Reached skill level 9 in Axes
  3697 | D:6      | Found a staircase to the Ecumenical Temple.
  3939 | D:7      | Noticed an orc knight
  3953 | D:7      | Noticed a four-headed hydra
  3961 | D:7      | HP: 3/91 [seven-headed hydra (9)]
  3963 | D:7      | Slain by an eight-headed hydra

Illustrated notes

Levels and vault maps discovered:
D:1:      lemuel_arrival_broad_hall, layout_basic, item_on_display_a
D:2:      layout_basic, minmay_surrounded, uniq_sigmund
D:3:      minmay_recursive_quarters, layout_basic, basic_ecumenical_altar
D:4:      layout_basic, kennysheep_doodads, chequers_serial_rivers_micro_d
D:5:      layout_rooms, minmay_misc_feat_iff
D:6:      layout_rooms, nicolae_overflow_crystal_walls, temple_pool_b
D:7:      gammafunk_beogh_shrine, layout_rooms, grunt_decor_resistance,
          uniq_crazy_yiuf_cottage

Skill      XL: |  1  2  3  4  5  6  7  8 |
---------------+-------------------------+-----
Axes           | 3 4 6 7 8 9 |  9.1
Armour         | 2 3 |  3.6
Dodging        | 2 3 |  3.6
Fighting       | 4 |  4.6

Action                   |  1- 3 |  4- 6 |  7- 9 || total
-------------------------+-------+-------+-------++-------
Melee: Hand axe          |    95 |    66 |       ||   161
       Headbutt          |    12 |    19 |    22 ||    53
       War axe           |       |    35 |    40 ||    75
       Battleaxe         |       |       |    38 ||    38
Invok: Berserk           |     1 |     2 |     2 ||     5
  Use: Scroll            |       |     4 |     4 ||     8
       Potion            |       |     4 |       ||     4
 Stab: Sleeping          |     1 |       |       ||     1
Armor: Animal skin       |     3 |       |       ||     3
       Scale mail        |    28 |    32 |    16 ||    76
       Chain mail        |       |       |     9 ||     9
Dodge: Dodged            |    53 |    40 |    33 ||   126
Block: Other             |       |    15 |    14 ||    29

Table legend: (Time is in decaauts)
 A = Elapsed time spent in this place.
 B = Non-inter-level travel time spent in this place.
 C = Inter-level travel time spent in this place.
 D = Time resting spent in this place.
 E = Time spent auto-exploring this place.
 F = Levels seen in this place.
 G = Mean time per level.
                   A        B        C        D        E       F      G
               +--------+--------+--------+--------+--------+-----+--------+
         Total |   4013 |   3845 |    168 |      1 |   3157 |   7 |  573.3 |
       Dungeon |   4013 |   3845 |    168 |      1 |   3157 |   7 |  573.3 |
               +--------+--------+--------+--------+--------+-----+--------+

Top non-repeatable levels by time:
     D:1: 1188 daAuts
     D:2: 703 daAuts
     D:3: 611 daAuts
     D:4: 555 daAuts
     D:6: 485 daAuts
     D:5: 441 daAuts
     D:7: 27 daAuts
